[Event "Titled Tuesday Blitz March 22 Early 2022"]
[White "Jeet, Jain"]
[Black "Gatterer, Florian"]
[WhiteFideId "5073022"]
[BlackFideId "811688"]
[WhiteElo "2085"]
[BlackElo "2218"]
[Result "1/2-1/2"]
[Round "07"]
[TimeControl "180+1"]
[Date "2022.03.22"]
[WhiteClock "0:00:14"]
[BlackClock "0:00:05"]

1. d4 Nf6 2. Nf3 d5 3. Bf4 c5 4. e3 Nc6 5. c3 Qb6 6. Qb3 c4 7. Qc2 Bf5 8. Qc1 e6 9. Nbd2 Qd8 10. Nh4 Bg4 11. h3 Bh5 12. Nhf3 Bd6 13. Ne5 Qc7 14. Nxc6 Bxf4 15. exf4 bxc6 16. g3 Bg6 17. b3 cxb3 18. Nxb3 h5 19. h4 Be4 20. Rg1 O-O 21. Nc5 Bg6 22. Bd3 Nd7 23. Nxe6 fxe6 24. Bxg6 e5 25. Qd1 exf4 26. Qxh5 Nf6 27. Qg5 Qe7+ 28. Kf1 Qe6 29. Kg2 f3+ 30. Kxf3 Ne4+ 31. Qf4 Rxf4+ 32. gxf4 Rf8 33. f5 Nd2+ 34. Kg3 Rxf5 35. Bxf5 Qxf5 36. f4 Ne4+ 37. Kf3 Nd2+ 38. Ke2 Nc4 39. Raf1 Qe4+ 40. Kf2 Qxf4+ 41. Kg2 Qg4+ 42. Kf2 Qf4+ 43. Kg2 Qg4+ 44. Kf2 Qf4+ 1/2-1/2


[Site "https://www.chess.com"]

[Event "Titled Tuesday Blitz March 22 Early 2022"]
[White "Jumabayev, Rinat"]
[Black "Vokhidov, Shamsiddin"]
[WhiteFideId "13702661"]
[BlackFideId "14204223"]
[WhiteElo "2561"]
[BlackElo "2611"]
[Result "0-1"]
[Round "07"]
[TimeControl "180+1"]
[Date "2022.03.22"]
[WhiteClock "0:00:02"]
[BlackClock "0:00:35"]

1. d4 Nf6 2. Nf3 d5 3. Bf4 c5 4. e3 Nc6 5. Nbd2 Nh5 6. Be5 e6 7. c4 cxd4 8. exd4 Bb4 9. c5 Nf6 10. Bb5 O-O 11. O-O Nxe5 12. dxe5 Nd7 13. Rc1 Nxc5 14. a3 Bxd2 15. Nxd2 Qb6 16. b4 Nd7 17. Bd3 Nxe5 18. Bxh7+ Kxh7 19. Qh5+ Kg8 20. Qxe5 f6 21. Qh5 e5 22. Rc3 Qd4 23. Nb1 Qg4 24. Qxg4 Bxg4 25. Nd2 Rac8 26. Rfc1 d4 27. Rc5 b6 28. Rxc8 Rxc8 29. Rxc8+ Bxc8 30. Ne4 Kf8 31. Nd6 Bd7 32. f3 Ke7 33. Ne4 Bc6 34. Ng3 Ke6 35. Kf2 f5 36. h4 e4 37. Ne2 Ke5 38. fxe4 fxe4 0-1


[Site "https://www.chess.com"]

[Event "Titled Tuesday Blitz March 22 Early 2022"]
[White "Kanyamarala, Tarun"]
[Black "Manolache, Marius"]
[WhiteFideId "45004714"]
[BlackFideId "1201530"]
[WhiteElo "2075"]
[BlackElo "2389"]
[Result "0-1"]
[Round "07"]
[TimeControl "180+1"]
[Date "2022.03.22"]
[WhiteClock "0:00:02"]
[BlackClock "0:00:13"]

1. d4 Nf6 2. c4 Nc6 3. Nf3 e6 4. g3 g6 5. Bg2 Bg7 6. O-O O-O 7. Nc3 d6 8. e4 a5 9. h3 Bd7 10. e5 Ne8 11. Bg5 f6 12. exf6 Bxf6 13. Be3 Bg7 14. Qd2 Nf6 15. Rfe1 Nb4 16. Rad1 Rb8 17. a3 Nc6 18. d5 exd5 19. cxd5 Ne7 20. Bh6 Bxh6 21. Qxh6 Nf5 22. Qd2 Re8 23. g4 Ng7 24. Qh6 Rxe1+ 25. Rxe1 Qf8 26. Ne4 Nge8 27. Qd2 Nxe4 28. Rxe4 Nf6 29. Rf4 Qg7 30. Qxa5 b6 31. Qa7 Rc8 32. Nd4 g5 33. Nf5 Bxf5 34. Rxf5 h6 35. Bf1 Re8 36. Qa4 Re1 37. Qb4 Ra1 38. Qc3 Ne4 39. Qe3 Qe7 40. Kg2 Rxf1 41. Kxf1 Kg7 42. Kg2 Qe8 43. f3 Nf6 44. Qc3 Qe2+ 45. Kg3 Qe7 46. h4 gxh4+ 47. Kxh4 Kg6 48. Kg3 Nd7 49. Kf2 Ne5 50. Qc2 Kg7 51. Qe4 Qd7 52. Kg3 Qb5 53. f4 Ng6 54. Qd4+ Kg8 55. b4 Qf1 56. Qf6 Qg1+ 57. Kf3 Qf1+ 58. Ke3 Qe1+ 59. Kd3 Qd1+ 60. Kc4 Qe2+ 61. Kb3 Qd1+ 62. Kb2 Qd2+ 63. Ka1 Qd1+ 64. Ka2 Qxd5+ 65. Ka1 Qd1+ 66. Kb2 Qe2+ 67. Ka1 Qd1+ 68. Ka2 Qe2+ 69. Kb3 Qd1+ 70. Kc4 Qe2+ 71. Kc3 Qe1+ 72. Kb2 Qe2+ 73. Kb1 Qd1+ 74. Ka2 Qe2+ 75. Qb2 Qxg4 76. Rd5 Nxf4 77. Rd2 h5 78. Qb3+ Kf8 79. Qe3 Ne6 80. Rf2+ Ke7 81. Qh6 Qc4+ 82. Kb1 Qd3+ 83. Ka2 Qc4+ 84. Kb1 Qb3+ 85. Rb2 Qd3+ 86. Ka2 Qc4+ 87. Kb1 Qd3+ 88. Ka2 Qf5 89. Qh7+ Qxh7 0-1


[Site "https://www.chess.com"]

[Event "Titled Tuesday Blitz March 22 Early 2022"]
[White "Kanyamarala, Trisha"]
[Black "Gabdrakhmanov, Azat"]
[WhiteFideId "45004722"]
[BlackFideId "34189197"]
[WhiteElo "2047"]
[BlackElo "2279"]
[Result "1/2-1/2"]
[Round "07"]
[TimeControl "180+1"]
[Date "2022.03.22"]
[WhiteClock "0:01:17"]
[BlackClock "0:02:32"]

1. d4 Nf6 2. c4 g6 3. Nc3 Bg7 4. e4 O-O 5. e5 Ne8 6. Nf3 d6 7. Bf4 c5 8. dxc5 Nc6 9. cxd6 exd6 10. exd6 Qa5 11. Qd2 Bg4 12. Be2 Rd8 13. O-O Bxf3 14. Bxf3 Nd4 15. Bxb7 Nxd6 16. Bd5 Nxc4 17. Bxc4 Nf3+ 18. gxf3 Rxd2 19. Bxd2 Qh5 20. f4 Qg4+ 21. Kh1 Qf3+ 22. Kg1 Qg4+ 23. Kh1 Qf3+ 24. Kg1 Qg4+ 1/2-1/2


[Site "https://www.chess.com"]

[Event "Titled Tuesday Blitz March 22 Early 2022"]
[White "Karas, Marek"]
[Black "Gabrielian, Artur"]
[WhiteFideId "14928558"]
[BlackFideId "4131002"]
[WhiteElo "2271"]
[BlackElo "2440"]
[Result "0-1"]
[Round "07"]
[TimeControl "180+1"]
[Date "2022.03.22"]
[WhiteClock "0:00:03"]
[BlackClock "0:00:15"]

1. b3 Nf6 2. Bb2 g6 3. Nf3 Bg7 4. e3 O-O 5. c4 d6 6. d4 e5 7. dxe5 Nfd7 8. Nbd2 Nc6 9. Be2 dxe5 10. O-O a5 11. Qc1 Nc5 12. Rd1 Qe7 13. Bc3 Bf5 14. Qb2 Rfd8 15. Ne1 a4 16. b4 a3 17. Qc1 Na4 18. b5 Nxc3 19. Qxc3 e4 20. Qc1 Bxa1 21. Qxa1 Ne5 22. Nb3 Rxd1 23. Qxd1 Rd8 24. Qc1 Nd3 25. Bxd3 exd3 26. Nf3 Qb4 27. Nfd2 Be6 28. h3 c6 29. b6 c5 30. Kh2 Qxb6 31. Qxa3 Qd6+ 32. Kg1 b6 33. Qb2 f5 34. Qc3 Bf7 35. Qb2 Ra8 36. g3 b5 37. cxb5 c4 38. Nd4 Qa3 39. Qxa3 Rxa3 40. b6 Ra6 41. a4 Rxb6 42. Nb5 Rxb5 43. axb5 c3 44. Nb3 d2 0-1


[Site "https://www.chess.com"]

[Event "Titled Tuesday Blitz March 22 Early 2022"]
[White "Kett, Tim"]
[Black "Baches Garcia, Guillermo"]
[WhiteFideId "1801210"]
[BlackFideId "2209764"]
[WhiteElo "2098"]
[BlackElo "2463"]
[Result "0-1"]
[Round "07"]
[TimeControl "180+1"]
[Date "2022.03.22"]
[WhiteClock "0:00:01"]
[BlackClock "0:00:23"]

1. e4 c5 2. Nf3 d6 3. d4 cxd4 4. Nxd4 Nf6 5. Nc3 Nc6 6. Bc4 Bd7 7. Be3 Ng4 8. O-O Nxe3 9. fxe3 e6 10. Qh5 g6 11. Qh3 Ne5 12. Bb3 Qe7 13. Rad1 a6 14. Nf3 Bg7 15. Nxe5 Bxe5 16. Qh6 Qf8 17. Qg5 Qg7 18. Na4 Bc6 19. Nb6 Rd8 20. Nc4 O-O 21. Qh4 Bb5 22. c3 Rc8 23. Nxe5 Qxe5 24. Rf4 Kg7 25. Qg3 Rcd8 26. Rd2 Bc6 27. Bc2 b5 28. Rdf2 f6 29. h4 Rf7 30. Qf3 Rdf8 31. g4 a5 32. Qg3 b4 33. cxb4 axb4 34. b3 Bb7 35. Kh2 Rc8 36. g5 f5 37. exf5 exf5 38. h5 Rff8 39. h6+ Kh8 40. Bd3 Rc3 41. Bc4 Rxe3 0-1


[Site "https://www.chess.com"]

[Event "Titled Tuesday Blitz March 22 Early 2022"]
[White "Khripachenko, Alexander"]
[Black "Demchenko, Anton"]
[WhiteFideId "54184975"]
[BlackFideId "4160258"]
[WhiteElo "2177"]
[BlackElo "2539"]
[Result "0-1"]
[Round "07"]
[TimeControl "180+1"]
[Date "2022.03.22"]
[WhiteClock "0:00:14"]
[BlackClock "0:00:57"]

1. e4 e5 2. Nf3 Nc6 3. Nc3 Nf6 4. d4 exd4 5. Nxd4 Bc5 6. Be3 Bb6 7. Nxc6 bxc6 8. Bxb6 axb6 9. Bd3 O-O 10. O-O d6 11. h3 Bb7 12. Re1 Re8 13. Qf3 Qe7 14. Qg3 Qe5 15. Qxe5 Rxe5 16. f3 Nh5 17. Kf2 Nf4 18. Bf1 Ne6 19. Rad1 Rc5 20. Re3 d5 21. Red3 d4 22. Rxd4 Nxd4 23. Rxd4 b5 24. a3 Re5 25. Rd7 Rc8 26. Ne2 Ree8 27. Nd4 Red8 28. Rxd8+ Rxd8 29. Nb3 Bc8 30. Be2 Be6 31. Nc5 Rd2 32. Ke3 Rxc2 33. Nd3 Bc4 0-1


[Site "https://www.chess.com"]

[Event "Titled Tuesday Blitz March 22 Early 2022"]
[White "Kobalia, Mikhail"]
[Black "Narayanan.S.L"]
[WhiteFideId "4119150"]
[BlackFideId "5058422"]
[WhiteElo "2667"]
[BlackElo "2494"]
[Result "0-1"]
[Round "07"]
[TimeControl "180+1"]
[Date "2022.03.22"]
[WhiteClock "0:00:06"]
[BlackClock "0:00:17"]

1. e4 g6 2. d4 Bg7 3. Nf3 d6 4. Bc4 Nf6 5. Qe2 O-O 6. O-O Nc6 7. c3 e5 8. dxe5 Nxe5 9. Nxe5 dxe5 10. Nd2 b6 11. Nf3 Bb7 12. Bd3 Qe7 13. a4 a5 14. Re1 Rfd8 15. Bg5 h6 16. Bh4 Rd6 17. Bc2 Rad8 18. h3 Qe6 19. Kh2 g5 20. Bg3 Nh5 21. Rad1 Nf4 22. Bxf4 exf4 23. Rxd6 Rxd6 24. Rd1 Bf8 25. Nd4 Qe5 26. Nf3 Qe7 27. Rxd6 Qxd6 28. Qc4 Qc5 29. Qe2 Bg7 30. Bb3 Qe7 31. Bc2 Bc8 32. Bb3 h5 33. h4 gxh4 34. Qc4 Bg4 35. Qd5 Bxf3 36. gxf3 Be5 37. Bc4 Kg7 38. Bb5 Qf6 39. Qd7 Bd6 40. Bc4 Qe7 41. Qxe7 Bxe7 42. Bb5 f6 43. Bd7 Bc5 44. Kg2 Kf8 45. Be6 Ke7 46. Bf5 c6 47. Kf1 b5 48. axb5 cxb5 49. Ke2 a4 50. Bh3 Kd6 51. Bf5 Kc7 52. Bh3 Bd6 53. Bf5 Kb6 54. Kd3 Bc5 55. Ke2 Ka5 56. Bh3 b4 57. cxb4+ Kxb4 58. Be6 Bd4 0-1


[Site "https://www.chess.com"]

[Event "Titled Tuesday Blitz March 22 Early 2022"]
[White "Koellner, Ruben Gideon"]
[Black "Khamzin, Olzhas"]
[WhiteFideId "12993093"]
[BlackFideId "13701690"]
[WhiteElo "2514"]
[BlackElo "2194"]
[Result "1/2-1/2"]
[Round "07"]
[TimeControl "180+1"]
[Date "2022.03.22"]
[WhiteClock "0:00:36"]
[BlackClock "0:00:21"]

1. d4 Nf6 2. Bg5 Ne4 3. Bf4 e6 4. f3 Nf6 5. e4 d6 6. Nc3 Be7 7. Qd2 Nbd7 8. h4 a6 9. h5 h6 10. g4 b5 11. a3 Nh7 12. Nh3 Bb7 13. Be2 Ng5 14. Nxg5 hxg5 15. Be3 c5 16. O-O-O Rc8 17. Kb1 b4 18. axb4 cxb4 19. Na2 b3 20. cxb3 Nf6 21. Rc1 Rxc1+ 22. Rxc1 Nd7 23. Qb4 Qa8 24. Qd2 O-O 25. Bxg5 Bxg5 26. Qxg5 Bxe4+ 27. fxe4 Qxe4+ 28. Rc2 Rc8 29. Qd2 Rxc2 30. Qxc2 Qxd4 31. Nc3 Nc5 32. b4 Qxb4 33. Qd1 d5 34. Qc2 a5 35. Na2 Qe1+ 36. Nc1 Qf2 37. Nd3 Qg1+ 38. Ka2 Ne4 39. Ne5 Qc5 40. Qb3 Qc7 41. Qb5 Qxe5 42. Qe8+ Kh7 43. Qxf7 Nc3+ 44. Ka1 Nxe2 45. Qg6+ Kg8 46. Qe8+ Kh7 47. Qg6+ Kg8 48. Qe8+ Kh7 49. Qg6+ 1/2-1/2


[Site "https://www.chess.com"]

[Event "Titled Tuesday Blitz March 22 Early 2022"]
[White "Kowalczyk, Pawel"]
[Black "Grieve, Harry"]
[WhiteFideId "1130641"]
[BlackFideId "426520"]
[WhiteElo "2344"]
[BlackElo "2294"]
[Result "1-0"]
[Round "07"]
[TimeControl "180+1"]
[Date "2022.03.22"]
[WhiteClock "0:00:34"]
[BlackClock "0:00:03"]

1. e4 c5 2. d4 cxd4 3. c3 Nf6 4. e5 Nd5 5. Nf3 e6 6. Bc4 d6 7. O-O Be7 8. exd6 Qxd6 9. Nxd4 O-O 10. Nf5 exf5 11. Qxd5 Be6 12. Qxd6 Bxd6 13. Nd2 Nc6 14. Bb3 Rad8 15. Nf3 f4 16. Bd2 Bg4 17. Nd4 Nxd4 18. cxd4 Be2 19. Rfe1 f3 20. g3 Bc7 21. d5 Bb6 22. Rac1 Rfe8 23. a3 h5 24. h4 Re4 25. Ba2 Rg4 26. Bf4 Rxf4 27. gxf4 Rd6 28. f5 Bd4 29. Rc8+ Kh7 30. Bc4 Bxc4 31. Rxc4 Bxb2 32. Re3 Ra6 33. a4 Bf6 34. Rxf3 Rb6 35. Rd3 Re6 36. dxe6 1-0


[Site "https://www.chess.com"]

[Event "Titled Tuesday Blitz March 22 Early 2022"]
[White "Krishnan, Varun"]
[Black "Dixit, Nikhil"]
[WhiteFideId "5054508"]
[BlackFideId "5059534"]
[WhiteElo "2605"]
[BlackElo "2223"]
[Result "0-1"]
[Round "07"]
[TimeControl "180+1"]
[Date "2022.03.22"]
[WhiteClock "0:00:01"]
[BlackClock "0:00:17"]

1. e4 c5 2. Nf3 Nc6 3. Nc3 g6 4. d4 cxd4 5. Nxd4 Bg7 6. Be3 Nf6 7. Bc4 O-O 8. Bb3 d6 9. h3 Bd7 10. O-O Rc8 11. f4 Nxd4 12. Bxd4 Bc6 13. Qd3 b5 14. Bxa7 b4 15. Nd5 Nxd5 16. exd5 Qa5 17. Bd4 Bb5 18. Qe3 Bxd4 19. Qxd4 Bxf1 20. Rxf1 Qc5 21. Qxc5 Rxc5 22. Re1 Rc7 23. Re4 Rb8 24. Kf2 Kg7 25. g4 Kf8 26. Re1 Rbc8 27. Re2 Rc5 28. Ke3 h6 29. h4 R5c7 30. g5 hxg5 31. hxg5 Rb8 32. Kd4 Kg7 33. Bc4 Rh8 34. c3 bxc3 35. Kxc3 Rh3+ 36. Kb4 Rf3 37. Re4 Rb7+ 38. Bb5 Rf2 39. a4 Rxb2+ 40. Ka3 R2xb5 41. axb5 Rxb5 42. Rxe7 Rxd5 43. Re4 Rc5 44. Kb4 Kf8 45. Re2 Rc1 46. Rf2 d5 47. f5 Rc4+ 48. Kb5 Ke7 49. f6+ Ke6 50. Ra2 Rc7 51. Re2+ Kf5 52. Rg2 d4 53. Kb4 d3 54. Kb3 Rc2 0-1


[Site "https://www.chess.com"]

[Event "Titled Tuesday Blitz March 22 Early 2022"]
[White "Krylov, Ivan"]
[Black "Melikhov, Evgeny V."]
[WhiteFideId "24128066"]
[BlackFideId "4122046"]
[WhiteElo "2258"]
[BlackElo "1945"]
[Result "0-1"]
[Round "07"]
[TimeControl "180+1"]
[Date "2022.03.22"]
[WhiteClock "0:00:10"]
[BlackClock "0:00:56"]

1. e4 c5 2. Nf3 d6 3. c3 Nf6 4. h3 Bd7 5. Bd3 Bc6 6. Qe2 Nbd7 7. O-O e6 8. Bc2 Be7 9. d4 O-O 10. Nbd2 cxd4 11. cxd4 Qc7 12. Qd3 Rac8 13. e5 Bxf3 14. exf6 Nxf6 15. Qxf3 Qxc2 16. Qxb7 Qc7 17. Qb3 d5 18. Nf3 Rb8 19. Qd3 Rfc8 20. Rb1 Qc2 21. Rd1 Qxd3 22. Rxd3 Ne4 23. Bf4 Rb7 24. Nd2 Rc2 25. Nxe4 dxe4 26. Rd2 Rxd2 27. Bxd2 f5 28. Bc3 Kf7 29. Rd1 Rb5 30. Kf1 Bf6 31. Ke2 Ke7 32. g3 Kd6 33. h4 Kd5 34. Ke3 g6 35. a4 Rb3 36. a5 a6 37. Rd2 Bg7 38. Ke2 Bf6 39. Kd1 Bd8 40. Kc2 Rb5 41. b4 Kc4 42. Rd1 Be7 43. Rb1 Bf6 44. Rd1 Rd5 45. Be1 Rxd4 46. Rxd4+ Bxd4 47. Kb1 Be5 48. Kc2 Bd6 49. Kb1 Bxb4 50. Bxb4 Kxb4 51. Kb2 Kxa5 52. Ka3 Kb5 53. Kb3 a5 54. Ka3 Kc4 55. Ka4 Kd3 56. Kxa5 Ke2 57. Kb5 Kxf2 58. Kc4 e3 59. Kd4 e2 60. Ke5 e1=Q+ 61. Kf6 Kxg3 62. Kg7 f4 63. Kxh7 f3 64. h5 gxh5 65. Kh6 f2 66. Kg5 f1=Q 67. Kh6 Qf4+ 68. Kg7 Qee5+ 69. Kg8 Qeg5+ 70. Kh8 Qff6+ 71. Kh7 Qfg7# 0-1


[Site "https://www.chess.com"]

[Event "Titled Tuesday Blitz March 22 Early 2022"]
[White "Lazavik, Denis"]
[Black "Petrosyan, Manuel"]
[WhiteFideId "13515110"]
[BlackFideId "13300857"]
[WhiteElo "2437"]
[BlackElo "2592"]
[Result "0-1"]
[Round "07"]
[TimeControl "180+1"]
[Date "2022.03.22"]
[WhiteClock "0:01:23"]
[BlackClock "0:01:08"]

1. d4 Nf6 2. c4 e6 3. Nf3 d5 4. g3 Bb4+ 5. Bd2 a5 6. Bg2 dxc4 7. Qc2 Bxd2+ 8. Qxd2 b5 9. Qg5 O-O 10. Qxb5 Qd5 11. Nc3 Qxb5 12. Nxb5 Nbd7 13. Na3 Rb8 14. Nxc4 Ba6 15. Nfd2 c6 16. b3 a4 17. Bxc6 axb3 18. axb3 Bb7 19. Bxb7 Rxb7 20. e3 Rfb8 21. Ke2 Nd5 22. Rhc1 h5 23. Nd6 Rb4 24. Rc4 R4b6 25. N6e4 g6 26. Rac1 Kg7 27. Rc8 R8b7 28. R1c7 Rxc7 29. Rxc7 Nxc7 0-1


[Site "https://www.chess.com"]

[Event "Titled Tuesday Blitz March 22 Early 2022"]
[White "Le, Tuan Minh"]
[Black "Paravyan, David"]
[WhiteFideId "12401153"]
[BlackFideId "4194985"]
[WhiteElo "2450"]
[BlackElo "2569"]
[Result "0-1"]
[Round "07"]
[TimeControl "180+1"]
[Date "2022.03.22"]
[WhiteClock "0:00:09"]
[BlackClock "0:00:11"]

1. d4 Nf6 2. Nf3 g6 3. Bg5 Bg7 4. Nbd2 h6 5. Bh4 c5 6. Bxf6 Bxf6 7. Ne4 Qb6 8. Nxf6+ exf6 9. b3 d5 10. e3 Nc6 11. c3 Kf8 12. Bd3 Kg7 13. O-O Be6 14. Rc1 Rac8 15. dxc5 Qxc5 16. Nd4 Rhe8 17. h3 Bd7 18. Be2 Red8 19. Qd2 Qb6 20. Rfd1 Ne7 21. Bf3 Rc7 22. Ne2 Be6 23. Qd4 Qa6 24. Rd2 Nc6 25. Qf4 Ne5 26. Nd4 Rdc8 27. Be2 Qa3 28. Rdc2 a6 29. h4 Nc6 30. Nxe6+ fxe6 31. Bd3 Ne5 32. Be2 b5 33. h5 g5 34. Qd4 Qc5 35. Qd2 Rc6 36. Qd1 Qa7 37. Qd2 Qc7 38. Qd4 Qb6 39. Qd2 R8c7 40. Qd1 a5 41. Qd2 Nf7 42. Qd3 b4 43. Qg6+ Kf8 44. c4 f5 45. Qf6 Rc8 46. Qb2 Qd8 47. cxd5 Rxc2 48. Rxc2 Rxc2 49. Qxc2 Qxd5 50. Bc4 Qe5 51. Qd2 Nd6 52. Bf1 Ke7 53. Qd3 Qc5 54. Qa6 Ne4 55. Qb7+ Kd6 56. Qb8+ Ke7 57. Qb7+ Kd6 58. Bc4 Qc6 59. Qb8+ Kd7 60. Qa7+ Kd8 61. Qf7 Qd6 62. Bxe6 Qd1+ 63. Kh2 Nxf2 64. Qf8+ Kc7 65. Qc5+ Kd8 66. Qf8+ Kc7 67. Qc8+ Kb6 68. Qb8+ Kc6 69. Qc8+ Kb6 70. Qb8+ Kc6 71. Qe8+ Kb6 72. Bxf5 Qd6+ 73. Kg1 Nd1 74. Qe4 Nc3 75. Qc4 Nxa2 76. Be4 Nc3 77. Bf3 Qc5 78. Qe6+ Ka7 79. Kh1 Qc7 80. Qf6 a4 81. bxa4 b3 82. Qd4+ Ka6 83. Qd3+ Ka5 84. Qd4 b2 85. Be4 Nxe4 86. Qxb2 Ng3+ 87. Kg1 Kxa4 88. Qa2+ Kb4 89. Qb1+ Ka5 90. Qe1+ Kb6 91. Qb4+ Ka6 92. Qa4+ Kb7 93. Qb5+ Ka7 94. Qa4+ Kb6 95. Qb4+ Kc6 96. Qc4+ Kd6 97. Qd4+ Ke6 98. Qd3 Qe5 99. Qg6+ Qf6 100. Qe8+ Qe7 101. Qg6+ Qf6 102. Qe8+ Kf5 103. Qd7+ Qe6 104. Qd3+ Kg4 105. Qd1+ Kh4 106. Qd4+ Qe4 107. Qd1 Qxe3+ 108. Kh2 Qf4 109. Kg1 Qf1+ 110. Qxf1 Nxf1 111. Kxf1 Kxh5 112. Kf2 Kg4 113. Kf1 Kg3 114. Kg1 h5 115. Kh1 Kf2 116. Kh2 g4 117. Kh1 h4 118. Kh2 h3 119. g3 Kf3 120. Kh1 Kxg3 121. Kg1 Kf3 122. Kh2 Kf2 123. Kh1 Kg3 124. Kg1 Kh4 125. Kh1 g3 126. Kg1 Kg4 127. Kh1 Kf3 128. Kg1 h2+ 129. Kh1 g2+ 0-1


[Site "https://www.chess.com"]

[Event "Titled Tuesday Blitz March 22 Early 2022"]
[White "Lewtak, Damian"]
[Black "Reprintsev, Alexander"]
[WhiteFideId "1141724"]
[BlackFideId "14100541"]
[WhiteElo "2362"]
[BlackElo "2108"]
[Result "1-0"]
[Round "07"]
[TimeControl "180+1"]
[Date "2022.03.22"]
[WhiteClock "0:00:22"]
[BlackClock "0:00:18"]

1. d4 d5 2. c3 Bf5 3. Bf4 Nd7 4. Nd2 e6 5. h3 Bd6 6. Bxd6 cxd6 7. Qb3 Qb6 8. Ngf3 Ne7 9. e3 O-O 10. Be2 Rfc8 11. O-O h6 12. Rfe1 a5 13. Bf1 a4 14. Qxb6 Nxb6 15. a3 Nc6 16. e4 dxe4 17. Nxe4 Bxe4 18. Rxe4 Na5 19. Nd2 Rc6 20. Rae1 d5 21. R4e3 Nc8 22. g4 Rb6 23. Rb1 Nd6 24. f4 g6 25. Kf2 Rc8 26. Bd3 Kg7 27. h4 Nb3 28. Nxb3 Rxb3 29. Ke2 Nc4 30. Bxc4 Rxc4 31. Kd2 Rc6 32. Kc2 Rcb6 33. h5 gxh5 34. gxh5 Kf6 35. Re5 R3b5 36. Re2 Kf5 37. Kd3 f6 38. Ke3 Rb3 39. Kd3 Rxa3 40. Rg1 Rab3 41. Rgg2 Rc6 42. Rc2 b5 43. Rg6 b4 44. Kd2 a3 45. cxb4 Rxc2+ 46. Kxc2 Rxb2+ 47. Kc3 Rh2 48. b5 a2 49. Rg1 Rxh5 50. b6 Rh3+ 51. Kb4 Rg3 52. Ra1 Rg8 53. Kc5 Kxf4 54. Rxa2 h5 55. Rf2+ Ke4 56. Re2+ Kd3 57. Rxe6 Rc8+ 58. Rc6 Rf8 59. b7 Rb8 60. Rb6 h4 61. Kxd5 h3 62. Rb3+ Ke2 63. Kc6 h2 64. Rh3 f5 65. d5 f4 66. Rxh2+ Ke3 67. Kc7 1-0


[Site "https://www.chess.com"]

[Event "Titled Tuesday Blitz March 22 Early 2022"]
[White "Ljukin, Sergei"]
[Black "Mikhailovsky, Vladimir"]
[WhiteFideId "14102200"]
[BlackFideId "34105414"]
[WhiteElo "2312"]
[BlackElo "2371"]
[Result "1-0"]
[Round "07"]
[TimeControl "180+1"]
[Date "2022.03.22"]
[WhiteClock "0:00:03"]
[BlackClock "0:00:04"]

1. e4 c6 2. d4 d5 3. e5 Bf5 4. Nd2 e6 5. Nb3 a6 6. Nf3 c5 7. dxc5 Bxc5 8. Nxc5 Qa5+ 9. c3 Qxc5 10. Nd4 Ne7 11. Be3 Qc7 12. f4 Nbc6 13. Be2 O-O 14. O-O Nxd4 15. Qxd4 Be4 16. Bf3 Nf5 17. Qb6 Rfc8 18. Bxe4 dxe4 19. Qxc7 Rxc7 20. Rae1 h5 21. Bc1 Rc4 22. Re2 b5 23. Rfe1 e3 24. g3 b4 25. cxb4 Nd4 26. Rxe3 Rac8 27. Bd2 Nc2 28. Bc3 Nxe1 29. Rxe1 Rd8 30. Kf2 Kh7 31. h4 Kg6 32. Re3 Kf5 33. Kf3 Rd1 34. a4 Rf1+ 35. Kg2 Ra1 36. a5 Re4 37. Rd3 Kg4 38. Kf2 Rh1 39. Bd4 Rh2+ 40. Kg1 Rc2 41. Kf1 g6 42. b5 axb5 43. a6 Rc1+ 44. Kf2 Ra1 45. a7 Ra4 46. b4 Kf5 47. Bc5 Kg4 48. Rd8 Rc4 49. a8=Q Rxa8 50. Rxa8 Rc2+ 51. Ke3 Kxg3 52. Ra7 Kxh4 53. Rxf7 Kg4 54. Rf6 g5 55. Rg6 Rc3+ 56. Kd4 Rc4+ 57. Kd3 Rxf4 58. Be7 Rf5 59. Rxe6 h4 60. Bd6 Kh5 61. Re8 h3 62. Rh8+ Kg4 63. e6 Rf6 64. Re8 Kf3 65. Kd4 g4 66. Ke5 Rh6 67. e7 Rh5+ 68. Kd4 Kg2 69. Rg8 g3 70. Rxg3+ Kf2 71. e8=Q Rh4+ 72. Kd3 h2 73. Qe3+ Kf1 74. Qe2# 1-0


[Site "https://www.chess.com"]

[Event "Titled Tuesday Blitz March 22 Early 2022"]
[White "Lou, Yiping"]
[Black "Sjugirov, Sanan"]
[WhiteFideId "8603928"]
[BlackFideId "4189302"]
[WhiteElo "2412"]
[BlackElo "2602"]
[Result "0-1"]
[Round "07"]
[TimeControl "180+1"]
[Date "2022.03.22"]
[WhiteClock "0:02:38"]
[BlackClock "0:02:49"]

1. e4 e5 2. Nf3 Nc6 3. Bb5 a6 4. Ba4 Nf6 5. O-O d6 6. c3 Bd7 7. d4 g6 8. Re1 Bg7 9. Nbd2 O-O 10. h3 Re8 11. Bc2 a5 12. c4 Nxd4 0-1


[Site "https://www.chess.com"]

[Event "Titled Tuesday Blitz March 22 Early 2022"]
[White "Manukian, Artak"]
[Black "Bachmann, Axel"]
[WhiteFideId "13301373"]
[BlackFideId "3700488"]
[WhiteElo "2432"]
[BlackElo "2587"]
[Result "0-1"]
[Round "07"]
[TimeControl "180+1"]
[Date "2022.03.22"]
[WhiteClock "0:00:01"]
[BlackClock "0:00:01"]

1. e4 c5 2. Nf3 d6 3. Bb5+ Nd7 4. O-O a6 5. Bd3 Ngf6 6. Re1 e6 7. c3 b5 8. a4 Bb7 9. axb5 axb5 10. Rxa8 Qxa8 11. Na3 b4 12. Nb5 Qb8 13. Qa4 bxc3 14. bxc3 Be7 15. Bc2 O-O 16. d4 cxd4 17. cxd4 e5 18. Ba3 Bc6 19. Rb1 Nxe4 20. dxe5 Nc3 21. Bxh7+ Kxh7 22. Qc2+ Be4 23. Qxc3 Bxb1 24. exd6 Bf6 25. Qb3 Bg6 26. h4 Re8 27. Ng5+ Bxg5 28. hxg5 Re5 29. Qh3+ Kg8 30. Qxd7 Rxb5 31. Qc7 Rb1+ 32. Kh2 Qa8 0-1


[Site "https://www.chess.com"]

[Event "Titled Tuesday Blitz March 22 Early 2022"]
[White "Martinez Alcantara, Jose Eduardo"]
[Black "Matlakov, Maxim"]
[WhiteFideId "3805662"]
[BlackFideId "4168003"]
[WhiteElo "2690"]
[BlackElo "2669"]
[Result "1-0"]
[Round "07"]
[TimeControl "180+1"]
[Date "2022.03.22"]
[WhiteClock "0:01:20"]
[BlackClock "0:00:31"]

1. e4 c5 2. Nf3 d6 3. Bb5+ Nd7 4. a4 Nf6 5. Nc3 g6 6. O-O Bg7 7. a5 O-O 8. Re1 a6 9. Bf1 b5 10. axb6 Nxb6 11. d3 Bb7 12. Bd2 a5 13. Qc1 Re8 14. Ne2 a4 15. Ng3 Qc7 16. Bc3 Bc6 17. h4 h5 18. e5 dxe5 19. Bxe5 Qb7 20. Be2 Nbd7 21. Bc3 e5 22. Bd1 Nd5 23. Bd2 Nf4 24. Ne4 c4 25. Nd6 Qb6 26. Nxe8 Rxe8 27. Bxf4 e4 28. d4 1-0


[Site "https://www.chess.com"]

[Event "Titled Tuesday Blitz March 22 Early 2022"]
[White "Migot, Tangi"]
[Black "Maltsevskaya, Aleksandra"]
[WhiteFideId "662445"]
[BlackFideId "24174041"]
[WhiteElo "2504"]
[BlackElo "2241"]
[Result "1-0"]
[Round "07"]
[TimeControl "180+1"]
[Date "2022.03.22"]
[WhiteClock "0:00:19"]
[BlackClock "0:00:03"]

1. d4 c5 2. d5 Nf6 3. c4 g6 4. Nc3 Bg7 5. e4 O-O 6. Bd3 e6 7. h3 exd5 8. exd5 a6 9. a4 d6 10. Nge2 Re8 11. O-O Nbd7 12. f4 Rb8 13. g4 b5 14. axb5 axb5 15. Nxb5 Nb6 16. Ra7 Ne4 17. Qc2 f5 18. g5 Re7 19. Kg2 Bd7 20. Nbc3 Ra8 21. Rxa8 Qxa8 22. Ng3 Nxc3 23. bxc3 Ba4 24. Qb2 Qa6 25. Qa2 Ra7 26. Qe2 Ra8 27. Qe6+ Kh8 28. Qxd6 Bb3 29. Qxc5 Bxc4 30. Bxc4 Nxc4 31. Rf2 Rc8 32. Qb4 Qa8 33. Qb5 Nd6 34. Qd3 Rxc3 35. Qd1 Rxg3+ 36. Kxg3 Ne4+ 37. Kg2 Nxf2 38. Kxf2 Qa2+ 39. Kg3 Qc4 40. Be3 Qc3 41. Kf3 Qc4 42. d6 Qe4+ 43. Kf2 Qe8 44. d7 Qd8 45. Kg3 Kg8 46. Bb6 1-0


[Site "https://www.chess.com"]